MLB
KANSAS CITY ROYALS @ CALIFORNIA ANGELS
09/08/2049
 
TOP OF THE 1ST
Kansas City Royals batting - Pitching for California Angels : RHP Gus Morante
Pitching: RHP Gus Morante
Batting: SHB Jose Pacheco 0-0: Foul Ball, location: 2F
0-1: Swinging Strike
0-2: Strikes out swinging wild pitch, reaches first!
Batting: RHB Matt Belgard 0-0: Grounds into double play, 5-4-3 (Groundball, 5, EV 85.6 MPH)
Batting: LHB Roman Downey 0-0: SINGLE (Line Drive, 6D, EV 101.2 MPH)
Batting: RHB Adam Martin 0-0: Fielders Choice at 2nd, U4 (Groundball, 4M, EV 102.5 MPH)
Top of the 1st over - 0 runs, 1 hit, 0 errors, 1 left on base; Kansas City 0 - California 0
BOTTOM OF THE 1ST
California Angels batting - Pitching for Kansas City Royals : RHP Elijah Lewis
Pitching: RHP Elijah Lewis
Batting: LHB Rusty Ney 0-0: Ground out 4-3 (Groundball, 4, EV 92.5 MPH)
Batting: RHB Bjoern Waltersson 0-0: Called Strike
0-1: Ball
1-1: Ball
2-1: Ground out 2-3 (Groundball, 2R, EV 68.1 MPH)
Batting: RHB Preston Deakyne 0-0: Called Strike
0-1: Swinging Strike
0-2: Strikes out swinging
Bottom of the 1st over - 0 runs, 0 hits, 0 errors, 0 left on base; Kansas City 0 - California 0
TOP OF THE 2ND
Kansas City Royals batting - Pitching for California Angels : RHP Gus Morante
Batting: SHB Gil Switzer 0-0: Called Strike
0-1: SINGLE (Flyball, 56D, EV 91.2 MPH)
Batting: LHB Justin Rupert 0-0: Ball
1-0: Ball
2-0: Bunt missed!
2-1: Sac Bunt to 3S - play at first, batter OUT! 3-4
Gil Switzer to second
Batting: LHB Pete Hansel 0-0: Ball
1-0: Called Strike
1-1: Ball
2-1: DOUBLE (Flyball, 89XD, EV 109.4 MPH)
Gil Switzer scores
Batting: RHB Mikolas Markus 0-0: Ball
1-0: Ball
2-0: Ball
3-0: Base on Balls
Batting: RHB Kevin Roseen 0-0: Foul Ball, location: 2F
0-1: Ball
1-1: Swinging Strike
1-2: Ball
2-2: Strikes out swinging
Batting: SHB Jose Pacheco 0-0: Ball
1-0: Foul Ball, location: 2F
1-1: Ball
2-1: Swinging Strike
2-2: Strikes out swinging
Top of the 2nd over - 1 run, 2 hits, 0 errors, 2 left on base; Kansas City 1 - California 0
BOTTOM OF THE 2ND
California Angels batting - Pitching for Kansas City Royals : RHP Elijah Lewis
Batting: LHB Mark Reeg 0-0: SINGLE (Line Drive, 4D, EV 95.0 MPH)
Batting: LHB Jonathon Walton 0-0: Swinging Strike
0-1: Fielders Choice at 2nd, 4-6 (Groundball, 4, EV 94.4 MPH)
Batting: LHB Micah Miller 0-0: Ball
1-0: SINGLE (Groundball, 4MD, EV 100.0 MPH)
Jonathon Walton to second
Runner from 2nd tries for 3rd, SAFE, throw by CF made at trailing runner, OUT! 8-6
Batting: LHB Javier Trujillo 0-0: Fly out, F7 (Flyball, 7S, EV 82.5 MPH)
Bottom of the 2nd over - 0 runs, 2 hits, 0 errors, 1 left on base; Kansas City 1 - California 0
TOP OF THE 3RD
Kansas City Royals batting - Pitching for California Angels : RHP Gus Morante
Batting: RHB Matt Belgard 0-0: Foul Ball, location: 2F
0-1: Foul Ball, location: 2F
0-2: Foul Ball, location: 2F
0-2: Fly out, F8 (Flyball, 8LXD, EV 106.2 MPH)
Batting: LHB Roman Downey 0-0: Ball
1-0: Ball
2-0: Foul Ball, location: 2F
2-1: SINGLE (Groundball, 4, EV 95.6 MPH)
Batting: RHB Adam Martin 0-0: SINGLE (Groundball, 56D, EV 106.9 MPH)
Roman Downey to second
Batting: SHB Gil Switzer 0-0: Ball
1-0: Foul Ball, location: 2F
1-1: Ball
Passed Ball!
Roman Downey to third
Adam Martin to second
2-1: Ball
3-1: Swinging Strike
3-2: Strikes out looking
Batting: LHB Justin Rupert 0-0: Called Strike
0-1: Ball
1-1: Ball
2-1: Foul Ball, location: 2F
2-2: Foul Ball, location: 2F
2-2: Foul Ball, location: 2F
2-2: Strikes out swinging
Top of the 3rd over - 0 runs, 2 hits, 0 errors, 2 left on base; Kansas City 1 - California 0
BOTTOM OF THE 3RD
California Angels batting - Pitching for Kansas City Royals : RHP Elijah Lewis
Batting: RHB Ryan Munro 0-0: Ground out 6-3 (Groundball, 56, EV 105.6 MPH)
Batting: RHB Ryuji Ito 0-0: Called Strike
0-1: Called Strike
0-2: Ball
1-2: Ball
2-2: SINGLE (Groundball, 56S, EV 65.0 MPH) (infield hit)
Batting: LHB Rusty Ney 0-0: Ball
1-0: Ball
2-0: Called Strike
2-1: Ball
3-1: Base on Balls
Ryuji Ito to second
Batting: RHB Bjoern Waltersson 0-0: Foul Ball, location: 2F
0-1: Ball
1-1: Ball
2-1: Foul Ball, location: 2F
2-2: Foul Ball, location: 2F
2-2: Ball
3-2: Base on Balls
Ryuji Ito to third
Rusty Ney to second
Batting: RHB Preston Deakyne 0-0: Fly out, F8 (Flyball, 8LS, EV 72.5 MPH)
Batting: LHB Mark Reeg 0-0: Ball
1-0: Ground out 1-3 (Groundball, 15S, EV 69.4 MPH)
Bottom of the 3rd over - 0 runs, 1 hit, 0 errors, 3 left on base; Kansas City 1 - California 0
TOP OF THE 4TH
Kansas City Royals batting - Pitching for California Angels : RHP Gus Morante
Batting: LHB Pete Hansel 0-0: Called Strike
0-1: Ball
1-1: Foul Ball, location: 2F
1-2: Fly out, F8 (Flyball, 8LXD, EV 106.2 MPH)
Batting: RHB Mikolas Markus 0-0: Ground out 6-3 (Groundball, 6, EV 78.1 MPH)
Batting: RHB Kevin Roseen 0-0: Ball
1-0: Called Strike
1-1: SINGLE (Groundball, 4D, EV 102.5 MPH)
Batting: SHB Jose Pacheco 0-0: Foul Ball, location: 2F
0-1: Ball
1-1: Hit by Pitch
Kevin Roseen to second
Batting: RHB Matt Belgard 0-0: Ball
1-0: Ball
2-0: Foul Ball, location: 2F
2-1: Called Strike
2-2: Foul Ball, location: 2F
2-2: Ball
3-2: Foul Ball, location: 2F
3-2: Base on Balls
Kevin Roseen to third
Jose Pacheco to second
Batting: LHB Roman Downey 0-0: Ground out U3 (Groundball, 3, EV 86.9 MPH)
Top of the 4th over - 0 runs, 1 hit, 0 errors, 3 left on base; Kansas City 1 - California 0
BOTTOM OF THE 4TH
California Angels batting - Pitching for Kansas City Royals : RHP Elijah Lewis
Batting: LHB Jonathon Walton 0-0: Ball
1-0: Fly out, F7 (Flyball, 78D, EV 98.1 MPH)
Batting: LHB Micah Miller 0-0: Called Strike
0-1: SOLO HOME RUN (Flyball, 7LD, EV 94.4 MPH), Distance : 371 ft
Batting: LHB Javier Trujillo 0-0: Ball
1-0: Swinging Strike
1-1: Ground out U3 (Groundball, 3, EV 78.1 MPH)
Batting: RHB Ryan Munro 0-0: Ball
1-0: Foul Ball, location: 2F
1-1: Ball
2-1: Fly out, F8 (Flyball, 8RD, EV 101.2 MPH)
Bottom of the 4th over - 1 run, 1 hit, 0 errors, 0 left on base; Kansas City 1 - California 1
TOP OF THE 5TH
Kansas City Royals batting - Pitching for California Angels : RHP Gus Morante
Batting: RHB Adam Martin 0-0: Swinging Strike
0-1: Called Strike
0-2: Foul Ball, location: 2F
0-2: Ball
1-2: Strikes out swinging
Batting: SHB Gil Switzer 0-0: Foul Ball, location: 2F
0-1: Ball
1-1: Called Strike
1-2: Ground out 5-3 (Groundball, 56, EV 92.5 MPH)
Batting: LHB Justin Rupert 0-0: Ball
1-0: Ground out 6-3 (Groundball, 4, EV 89.4 MPH)
Top of the 5th over - 0 runs, 0 hits, 0 errors, 0 left on base; Kansas City 1 - California 1
BOTTOM OF THE 5TH
California Angels batting - Pitching for Kansas City Royals : RHP Elijah Lewis
Batting: RHB Ryuji Ito 0-0: Called Strike
0-1: Hit by Pitch
Batting: LHB Rusty Ney 0-0: Foul Ball, location: 2F
0-1: Called Strike
0-2: 2-RUN HOME RUN (Flyball, 7D, EV 96.9 MPH), Distance : 379 ft
Batting: RHB Bjoern Waltersson 0-0: Foul Ball, location: 2F
0-1: Foul Ball, location: 2F
0-2: Ball
1-2: Strikes out swinging
Batting: RHB Preston Deakyne 0-0: Foul Ball, location: 2F
0-1: Fly out, F8 (Flyball, 8LXD, EV 89.4 MPH)
Batting: LHB Mark Reeg 0-0: Foul Ball, location: 2F
0-1: Ball
1-1: Ball
2-1: Foul Ball, location: 2F
2-2: Strikes out swinging
Bottom of the 5th over - 2 runs, 1 hit, 0 errors, 0 left on base; Kansas City 1 - California 3
TOP OF THE 6TH
Kansas City Royals batting - Pitching for California Angels : RHP Gus Morante
Batting: LHB Pete Hansel 0-0: Ball
1-0: Ball
2-0: SOLO HOME RUN (Line Drive, 7D, EV 96.9 MPH), Distance : 380 ft
Batting: RHB Mikolas Markus 0-0: Ball
1-0: Ball
2-0: Ball
3-0: Base on Balls
Batting: RHB Kevin Roseen 0-0: Ball
1-0: Swinging Strike
1-1: Grounds into double play, 4-6-3 (Groundball, 4M, EV 91.9 MPH)
Batting: SHB Jose Pacheco 0-0: DOUBLE (Flyball, 8LXD, EV 103.8 MPH)
Batting: RHB Matt Belgard 0-0: Ball
1-0: SINGLE (Flyball, 4MD, EV 96.2 MPH)
Jose Pacheco to third
Pitching: LHP Vinny Zavala
Batting: LHB Roman Downey 0-0: Ball
1-0: Swinging Strike
1-1: Swinging Strike
1-2: Strikes out swinging
Top of the 6th over - 1 run, 3 hits, 0 errors, 2 left on base; Kansas City 2 - California 3
BOTTOM OF THE 6TH
California Angels batting - Pitching for Kansas City Royals : RHP Elijah Lewis
Batting: LHB Jonathon Walton 0-0: Ball
1-0: Ground out U3 (Groundball, 3L, EV 81.2 MPH)
Batting: LHB Micah Miller 0-0: Ground out U3 (Groundball, 3, EV 80.6 MPH)
Batting: LHB Javier Trujillo 0-0: Ball
1-0: Called Strike
1-1: Ball
2-1: Swinging Strike
2-2: Fly out, F8 (Line Drive, 8RD, EV 93.8 MPH)
Bottom of the 6th over - 0 runs, 0 hits, 0 errors, 0 left on base; Kansas City 2 - California 3
TOP OF THE 7TH
Kansas City Royals batting - Pitching for California Angels : LHP Vinny Zavala
Pitching: RHP Bryan Banana
Batting: RHB Adam Martin 0-0: Ball
1-0: Ball
2-0: SINGLE (Groundball, 56D, EV 96.2 MPH)
Batting: SHB Gil Switzer 0-0: Called Strike
0-1: Swinging Strike
0-2: Ball
1-2: Ball
2-2: Strikes out swinging
Batting: LHB Justin Rupert 0-0: Ball
1-0: SINGLE (Groundball, 4D, EV 102.5 MPH)
Adam Martin to second
Pinch Runner at 2nd Mike Jaquez:
Batting: LHB Pete Hansel 0-0: Called Strike
0-1: Swinging Strike
0-2: Fly out, F9 (Line Drive, 9, EV 93.1 MPH)
Batting: RHB Mikolas Markus 0-0: Ball
1-0: Called Strike
1-1: Ball
2-1: Fly out, F8 (Flyball, 89M, EV 72.5 MPH)
Top of the 7th over - 0 runs, 2 hits, 0 errors, 2 left on base; Kansas City 2 - California 3
BOTTOM OF THE 7TH
California Angels batting - Pitching for Kansas City Royals : RHP Elijah Lewis
Batting: RHB Ryan Munro 0-0: Ball
1-0: Ball
2-0: Ball
3-0: Base on Balls
Batting: RHB Ryuji Ito 0-0: Ball
1-0: Ball
2-0: Foul Ball, location: 2F
2-1: Ball
3-1: Swinging Strike
3-2: Foul Ball, location: 2F
3-2: Foul Ball, location: 2F
3-2: Grounds into double play, 4-6-3 (Groundball, 4, EV 86.9 MPH)
Batting: LHB Rusty Ney 0-0: Ball
1-0: Called Strike
1-1: Swinging Strike
1-2: Ground out 4-3 (Groundball, 34, EV 85.0 MPH)
Bottom of the 7th over - 0 runs, 0 hits, 0 errors, 0 left on base; Kansas City 2 - California 3
TOP OF THE 8TH
Kansas City Royals batting - Pitching for California Angels : RHP Bryan Banana
Pitching: RHP Danny White
Batting: RHB Kevin Roseen 0-0: Called Strike
0-1: Ball
1-1: SINGLE (Line Drive, 34D, EV 98.8 MPH)
Batting: SHB Jose Pacheco 0-0: Ball
1-0: Ball
2-0: Sac Bunt to 15 - play at first, batter OUT! 1-3
Kevin Roseen to second
Pinch Hitting: LHB Mike Meyerhoff 0-0: Ball
1-0: Foul Ball, location: 2F
1-1: Ball
2-1: Fly out, F8 (Line Drive, 8RD, EV 90.6 MPH)
Batting: LHB Roman Downey 0-0: Called Strike
0-1: Ball
1-1: Ball
2-1: Called Strike
2-2: Foul Ball, location: 2F
2-2: Foul Ball, location: 2F
2-2: SINGLE (Line Drive, 78S, EV 86.9 MPH)
Kevin Roseen to third
Batting: RHB Mike Jaquez 0-0: Called Strike
0-1: Ball
1-1: Ball
2-1: SINGLE (Line Drive, 9S, EV 87.5 MPH)
Kevin Roseen scores
Roman Downey to second
Batting: SHB Gil Switzer 0-0: Ball
1-0: Called Strike
1-1: Swinging Strike
1-2: Strikes out swinging
Top of the 8th over - 1 run, 3 hits, 0 errors, 2 left on base; Kansas City 3 - California 3
BOTTOM OF THE 8TH
California Angels batting - Pitching for Kansas City Royals : RHP Elijah Lewis
Now at 2B: Jose Pacheco
Now at SS: Mike Meyerhoff
Batting: RHB Bjoern Waltersson 0-0: Ball
1-0: Foul Ball, location: 2F
1-1: Foul Ball, location: 2F
1-2: Ball
2-2: Ball
3-2: Base on Balls
Batting: RHB Preston Deakyne 0-0: Fly out, F6 (Line Drive, 6, EV 70.6 MPH)
Batting: LHB Mark Reeg 0-0: Ball
1-0: Ball
2-0: Foul Ball, location: 2F
2-1: Ball
3-1: Grounds into double play, 4-6-3 (Groundball, 4, EV 80.0 MPH)
Bottom of the 8th over - 0 runs, 0 hits, 0 errors, 0 left on base; Kansas City 3 - California 3
TOP OF THE 9TH
Kansas City Royals batting - Pitching for California Angels : RHP Danny White
Pitching: LHP George Poirier
Batting: LHB Justin Rupert 0-0: Called Strike
0-1: Fly out, F8 (Flyball, 8LD, EV 100.0 MPH)
Batting: LHB Pete Hansel 0-0: Called Strike
0-1: Ball
1-1: Called Strike
1-2: SOLO HOME RUN (Flyball, 89XD, EV 98.8 MPH), Distance : 389 ft
Batting: RHB Mikolas Markus 0-0: Ball
1-0: Ball
2-0: Ball
3-0: Base on Balls
Batting: RHB Kevin Roseen 0-0: Called Strike
0-1: Foul Ball, location: 2F
0-2: Ball
1-2: Strikes out swinging
Batting: SHB Jose Pacheco 0-0: Called Strike
0-1: Ball
1-1: Foul Ball, location: 2F
1-2: Foul Ball, location: 2F
1-2: 2-RUN HOME RUN (Flyball, 78XD, EV 97.5 MPH), Distance : 410 ft
Batting: LHB Mike Meyerhoff 0-0: Ball
1-0: Foul Ball, location: 2F
1-1: Swinging Strike
1-2: Foul Ball, location: 2F
1-2: Ball
2-2: Strikes out swinging
Top of the 9th over - 3 runs, 2 hits, 0 errors, 0 left on base; Kansas City 6 - California 3
BOTTOM OF THE 9TH
California Angels batting - Pitching for Kansas City Royals : RHP Elijah Lewis
Pitching: RHP Joe Noonan
Batting: LHB Jonathon Walton 0-0: Ball
1-0: Ball
2-0: Ball
3-0: Called Strike
3-1: Called Strike
3-2: Base on Balls
Batting: LHB Micah Miller 0-0: Swinging Strike
0-1: Ball
1-1: Foul Ball, location: 2F
1-2: Ball
2-2: Fly out, F5 (Popup, 15S, EV 83.8 MPH)
Batting: LHB Javier Trujillo 0-0: Called Strike
0-1: Called Strike
0-2: Ball
1-2: Ball
2-2: Ball
3-2: Fly out, F7 (Flyball, 78S, EV 83.8 MPH)
Batting: RHB Ryan Munro 0-0: Foul Ball, location: 2F
0-1: Called Strike
0-2: Ball
1-2: Foul Ball, location: 2F
1-2: Foul Ball, location: 2F
1-2: Strikes out swinging
Bottom of the 9th over - 0 runs, 0 hits, 0 errors, 1 left on base; Kansas City 6 - California 3
Sunday, July 16th , 2023 - OOTP Baseball 24.6 Build 69